 Dungeon Crawl Stone Soup version 0.26.0-18-gc5c842f807 (webtiles) character file.

Game seed: 7078999100485046292

853 112233 the Skirmisher (level 8, -16/57 HPs)
             Began as an Octopode Fighter on Jan 22, 2021.
             Demolished by an orc warrior
             ... wielding a +0 mace
              (18 damage)
             ... on level 6 of the Dungeon.
             The game lasted 00:05:02 (3541 turns).

112233 the Skirmisher (Octopode Fighter)            Turns: 3541, Time: 00:05:02

Health: -16/57     AC:  1    Str: 13 (16) XL:     8   Next: 1%
Magic:  8/8        EV: 13    Int: 10 (11) God:
Gold:   157        SH:  8    Dex: 11 (12) Spells: 7/7 levels left

rFire    . . .     SeeInvis .   a - +0 long sword
rCold    . . .     Faith    .   b - +0 kite shield
rNeg     . . .     Spirit   .   (helmet restricted)
rPois    .         Reflect  .   f - amulet of the acrobat
rElec    .         Harm     .   g - ring of stealth
rCorr    .         Rampage  .   (no ring)
Will     .....                  (no ring)
Stlth    +++.......             (no ring)
HPRegen  0.19/turn              (no ring)
MPRegen  0.11/turn              (no ring)
                                (no ring)
                                (no ring)

@: no status effects
A: almost no armour, stealthy swim, amphibious, 8 rings, constrict 8, camouflage
1, gelatinous body 1
a: no special abilities


You were on level 6 of the Dungeon.
You visited 1 branch of the dungeon, and saw 5 of its levels.
You also visited: Ossuary.

You collected 157 gold pieces.

Inventory:

Hand Weapons
 a - a +0 long sword (weapon)
Armour
 b - a +0 kite shield (worn)
Jewellery
 f - an amulet of the acrobat (around mantle)
 g - a ring of stealth (left tentacle)
Wands
 i - a wand of acid (3)
Scrolls
 d - 5 scrolls of teleportation {unknown}
 e - 4 scrolls of remove curse {unknown}
 h - 3 scrolls of identify {unknown}
 j - a scroll of noise {unknown}
 l - 2 scrolls of random uselessness {unknown}
 m - 4 scrolls of fog {unknown}
 n - a scroll of immolation {unknown}
Potions
 c - 3 potions of cancellation {unknown}
 k - 4 potions of ambrosia
 o - a potion of berserk rage {unknown}
 p - a potion of might


   Skills:
 + Level 5.8 Fighting
 + Level 5.3 Long Blades
 + Level 5.7 Dodging
 - Level 3.2 Shields


You had 7 spell levels left.
You didn't know any spells.
Your spell library was empty.

Dungeon Overview and Level Annotations

Branches:
Dungeon (6/15)            Ossuary (visited)
 Temple: D:4-7

Altars:
Cheibriados
Wu Jian


Innate Abilities, Weirdness & Mutations

You cannot wear most types of armour.
You are very stealthy in the water. (Stealth+)
You are amphibious.
You can wear up to eight rings at the same time.
You can use your tentacles to constrict eight enemies at once.
Your skin changes colour to match your surroundings (Stealth+).
Your rubbery body absorbs attacks. (AC +1, EV +1)


Message History

An orc comes into view. It is wielding a +0 dagger.
The orc barely misses you.
The orc warrior hits you with a +0 mace!
* * * LOW HITPOINT WARNING * * *
You hit the orc but do no damage. Your grab misses the orc.
You constrict the orc warrior. The orc misses you.
You block the orc warrior's attack.
Unknown command.
Unknown command.
You hit the orc warrior but do no damage.
You squeeze the orc warrior, but do no damage.
You constrict the orc warrior! The orc barely misses you.
The orc warrior hits you with a +0 mace!
* * * LOW HITPOINT WARNING * * *
Unknown command.
You barely miss the orc. You grab the orc. You constrict the orc warrior.
You constrict the orc. You block the orc's attack.
The orc hits you but does no damage.
The orc warrior hits you with a +0 mace!!
You die...

. .. .o ..#.# ##.o #
#.#...# #.. .#
####...#..##.###..#
...#...##..#.o...
.....#.###†...#
.......#.##...#
.......#.o##.o#
#.'.o@##.#
#.#.o##o.#
#.#.##{.##
#####.###o..#
########.....##..#.#
.....#)..###o#..##.#
.....(.### #...###.#
.....### ##### #.#
.....# #.#


You could see an orc warrior and 2 orcs.

Vanquished Creatures
  A wraith (Ossuary)
  Eustachio (D:6)
  An ogre (D:5)
  A bullfrog (D:6)
  A scorpion (D:4)
  A water moccasin skeleton (D:5)
  4 orc wizards
  An iguana (D:4)
  2 worker ants (D:4)
  A killer bee zombie (D:5)
  2 mummies
  An adder (D:6)
  An adder skeleton (D:5)
  A dart slug (D:1)
  5 leopard geckos
  6 orcs
  3 ball pythons
  8 bats
  A giant cockroach (D:4)
  7 goblins (D:1)
  5 hobgoblins
  10 jackals
  6 kobolds
  2 quokkas
  7 frilled lizards
  7 gnoll skeletons (Ossuary)
  3 kobold skeletons (Ossuary)
  15 orc skeletons (Ossuary)
  A quokka skeleton (D:5)
  4 rats
109 creatures vanquished.

Vanquished Creatures (others)
  19 plants (D:6)
19 creatures vanquished.

Grand Total: 128 creatures vanquished

Notes
Turn   | Place    | Note
-------+----------+-------------------------------------------
     0 | D:1      | 112233 the Octopode Fighter began the quest for the Orb.
     0 | D:1      | Reached XP level 1. HP: 16/16 MP: 1/1
    16 | D:1      | Reached XP level 2. HP: 7/21 MP: 2/2
   455 | D:1      | Reached XP level 3. HP: 21/26 MP: 3/3
  1104 | D:2      | Found an ornate altar of the Wu Jian Council.
  1109 | D:2      | Found a snail-covered altar of Cheibriados.
  1425 | D:2      | You fall into a shaft and drop 2 floors!
  1538 | D:4      | Reached XP level 4. HP: 13/33 MP: 4/4
  1827 | D:4      | Reached XP level 5. HP: 13/37 MP: 5/5
  2023 | D:4      | Reached XP level 6. HP: 39/44 MP: 6/6
  2351 | D:5      | Entered Level 5 of the Dungeon
  2832 | D:6      | Reached skill level 5 in Fighting
  2832 | D:6      | Reached skill level 5 in Dodging
  2832 | D:6      | Reached XP level 7. HP: 44/50 MP: 7/7
  2889 | D:6      | Found a sand-covered staircase.
  2890 | D:6      | Noticed Eustachio
  2895 | Ossuary  | Entered an ossuary
  2895 | Ossuary  | Noticed a wraith
  2895 | Ossuary  | Noticed a wraith
  2895 | Ossuary  | Noticed a wraith
  3245 | Ossuary  | Noticed a wraith
  3262 | Ossuary  | HP: 2/50 [wraith (9)]
  3268 | Ossuary  | Killed a wraith
  3528 | D:6      | Reached skill level 5 in Long Blades
  3531 | D:6      | Killed Eustachio
  3533 | D:6      | Reached XP level 8. HP: 8/57 MP: 8/8
  3540 | D:6      | HP: 1/57 [orc warrior/+0 mace (8)]
  3541 | D:6      | Demolished by an orc warrior

Illustrated notes

Levels and vault maps discovered:
D:1:      matt_arrival_grand_opening, layout_basic
D:2:      layout_loops_ring, grunt_temple_overflow_open, corexii_corridor_pit,
          serial_park_tiny_1, minmay_heptomino_l4, uniq_robin
D:4:      layout_basic, general_overflow_altar
D:5:      layout_loops_ring, grunt_temple_overflow_magic_moments,
          cheibriados_altar_1
D:6:      kennysheep_housing_project, layout_rooms,
          nicolae_overflow_hidden_temple, lemuel_crystal_altar,
          gup_ossuary_entry_pyramid, uniq_grinder, uniq_eustachio, uniq_sigmund,
          uniq_edmund

Skill      XL: |  1  2  3  4  5  6  7 |
---------------+----------------------+-----
Long Blades    | 3 4 5 |  5.3
Fighting       | 4 5 |  5.8
Dodging        | 4 5 |  5.7
Shields        | |  3.2

Action                   |  1- 3 |  4- 6 |  7- 9 || total
-------------------------+-------+-------+-------++-------
Melee: Long sword        |    76 |    55 |    64 ||   195
       Constrict         |    24 |    17 |    24 ||    65
       Tentacles         |    12 |    18 |    18 ||    48
Evoke: Wand              |       |       |     2 ||     2
  Use: Potion            |       |     5 |     5 ||    10
 Stab: Sleeping          |    11 |     3 |     3 ||    17
Armor: Skin              |    10 |     3 |     6 ||    19
Dodge: Dodged            |    34 |    32 |    29 ||    95
Block: Kite shield       |    45 |    23 |    36 ||   104
       Rpst.: Long sword |     8 |    10 |     6 ||    24
